 Dungeon Crawl Stone Soup version 0.31.0-2-g5a2aebc5c2 (webtiles) character file.

Game seed: 15046583220700625164

1936 puppykicker the Basher (level 9, -2/84 HPs)
             Began as an Oni Hexslinger on Jan 20, 2024.
             Slain by a sky beast (6 damage)
             ... on level 6 of the Dungeon.
             The game lasted 00:30:24 (6421 turns).

puppykicker the Basher (Oni Hexslinger)             Turns: 6421, Time: 00:30:25

Health: -2/84      AC:  4    Str: 18    XL:     9   Next: 18%
Magic:  9/12       EV: 10    Int: 14    God:
Gold:   246        SH:  0    Dex: 11    Spells: 3/12 levels left

rFire   + . .        a - +1 whip (freeze)
rCold   . . .        (no shield)
rNeg    . . .        c - +1 robe
rPois   +            (helmet restricted)
rElec   .            (no cloak)
rCorr   .            (gloves unavailable)
SInv    .            (boots unavailable)
Will    .....        (no amulet)
Stlth   +            F - ring of protection from fire
HPRegen 0.34/turn    P - ring of poison resistance
MPRegen 0.13/turn

%: no passive effects
@: weak-willed, jinxed
A: large, unfitting armour, horns 1, tough skin 1, double potion healing,
drunken brawling
a: no special abilities


You were on level 6 of the Dungeon.
You visited 1 branch of the dungeon, and saw 6 of its levels.

You collected 246 gold pieces.

Inventory:

Hand Weapons
 a - a +1 whip of freezing (weapon)
 b - a +1 sling
 v - a +1 dagger of venom
 w - a +0 flail
Missiles
 f - 2 poisoned darts (quivered)
 l - a throwing net
Armour
 c - a +1 robe (worn)
Jewellery
 C - a ring of resist corrosion
 F - a ring of protection from fire (left hand)
 P - a ring of poison resistance (right hand)
Scrolls
 j - a scroll of amnesia
 k - a scroll of immolation {!r}
 m - a scroll of silence {unknown}
 t - 3 scrolls of teleportation
 B - 2 scrolls of blinking {!r}
Potions
 d - a potion of ambrosia
 e - a potion of cancellation
 h - 2 potions of curing
 i - a potion of enlightenment {unknown}
 n - a potion of degeneration {unknown}
 o - a potion of heal wounds


   Skills:
 + Level 4.1 Fighting
 * Level 10.0 Maces & Flails
 - Level 1.3 Ranged Weapons
 + Level 3.1 Throwing
 + Level 2.1 Armour
 + Level 2.0 Dodging
 + Level 2.1 Spellcasting
 - Level 3.0 Hexes
 + Level 0.2 Translocations
 - Level 0.8 Fire Magic


You had 3 spell levels left.
You knew the following spells:

 Your Spells              Type           Power      Damage    Failure   Level
a - Jinxbite              Hex            18%        N/A       11%         2
b - Sigil of Binding      Hex            9%         N/A       21%         3
c - Manifold Assault      Tloc           2%         N/A       91%         4

Your spell library contained the following spells:

 Spells                   Type           Power      Damage    Failure   Level
 Sting                    Conj/Alch      4%         1d3       24%         1
 Inner Flame              Hex/Fire       6%         N/A       32%         3
 Mercury Vapours          Alch/Air       2%         N/A       34%         2
 Volatile Blastmotes      Fire/Tloc      6%         2d10      50%         3
 Fugue of the Fallen      Necr           1%         N/A       56%         3
 Ozocubu's Armour         Ice            1%         N/A       56%         3
 Cause Fear               Hex            4%         N/A       56%         4
 Dimensional Bullseye     Hex/Tloc       3%         N/A       77%         4
 Iskenderun's Mystic Bla  Conj/Tloc      1%         2d3       92%         4
 Fulminant Prism          Conj/Alch      0%         3d5       93%         4
 Olgreb's Toxic Radiance  Alch           1%         N/A       93%         4


Dungeon Overview and Level Annotations

Branches:
Dungeon (6/15)             Temple (0/1) D:6

Altars:
Elyvilon
Nemelex Xobeh
Sif Muna
Trog
Vehumet
Zin
The Shining One

Annotations:
D:4 2 transporters, gummybears's ghost, amateur FeSu


Innate Abilities, Weirdness & Mutations

You are too large for most types of armour.
You have a pair of small horns on your head.
You have tough skin. (AC +1)
You gain doubled healing and magic from potions.
Whenever you drink a healing potion, you attack all around you.


Message History

* * * LOW HITPOINT WARNING * * *
Something shocks you.
* * * LOW HITPOINT WARNING * * *
You take 7 damage, and have 25/84 hp.
You barely miss something. You barely miss something. Something hits you.
* * * LOW HITPOINT WARNING * * *
Something shocks you.
* * * LOW HITPOINT WARNING * * *
You take 6 damage, and have 19/84 hp.
You miss something. Something hits you but does no damage.
You hit something but do no damage. You miss something.
A sky beast appears from thin air!
Reactivating autopickup.
The sky beast hits you.
* * * LOW HITPOINT WARNING * * *
The sky beast shocks you.
* * * LOW HITPOINT WARNING * * *
You take 8 damage, and have 12/84 hp.
You hit the sky beast but do no damage.
The sky beast is severely wounded.
Unknown command.
Casting: Jinxbite (safe; 11% risk of failure)
Confirm with . or Enter, or press ? or * to list all spells.
You beckon some vexing sprites to accompany your attacks.
You feel your willpower being sapped. The sky beast closely misses you.
You now have 9/12 mp.
You hit the sky beast but do no damage.
The sky beast is severely wounded.
The sky beast hits you.
* * * LOW HITPOINT WARNING * * *
The sky beast shocks you.
* * * LOW HITPOINT WARNING * * *
You take 7 damage, and have 5/84 hp.
The sky beast flickers out of sight!
Deactivating autopickup; reactivate with Ctrl-A.
Something hits you.
* * * LOW HITPOINT WARNING * * *
Something shocks you.
You die...

#.......#.........
#.......# ........
#.......# .......
#......# ......
#......## #...#
#.......# #.⌠.#
#.......###{..####
#...........{....#
#...##.#.⌠@.>..⌠...
#...##.#...........
#.......###...###..
#.......# #.⌠.# .
#.......###...#
#.............#
######†.##...##
#...##'## ..#
#.......#


There were no monsters in sight!

Levels and vault maps discovered:
D:1:      spicycebolla_green_bress_n_ham_2, layout_basic, serial_bayou_pond_c
D:2:      layout_loops_ring, minmay_pentomino_v2
D:3:      layout_basic, nicolae_vehumet_radiance, ebering_dispersal_statue_hall,
          nicolae_underground_beach
D:4:      layout_gridville, hellmonk_overflow_destroyed_library,
          mainiacjoe_overflow_surrounded_room, gammafunk_ghost_gnarly_gnolls,
          nicolae_titane, uniq_duvessa
D:5:      layout_basic, dreamdust_divine_triumvirate,
          nicolae_elevator_lobby_asterisk, uniq_sigmund, uniq_pikel
D:6:      minmay_clustersquares, layout_gridville, lemuel_tele_altar,
          minmay_temple_entry_junction, cheibrodos_sewer_entry_bend

Notes
Turn   | Place    | Note
-------+----------+-------------------------------------------
     0 | D:1      | puppykicker the Oni Hexslinger began the quest for the Orb.
     0 | D:1      | Reached XP level 1. HP: 19/19 MP: 2/2
    41 | D:1      | Identified a ring of protection from fire
   206 | D:1      | Identified a +0 war axe
   286 | D:1      | Identified a +0 scale mail
   299 | D:1      | Identified a +0 short sword
   314 | D:1      | Identified a +0 dagger
   316 | D:1      | Identified a +0 whip
   319 | D:1      | Reached XP level 2. HP: 28/28 MP: 4/4
   386 | D:1      | Identified a +0 mace
   390 | D:1      | Identified a +1 sling
   439 | D:1      | Identified a +0 club
   671 | D:1      | Identified a +0 club
   873 | D:2      | Identified a +0 club
   896 | D:2      | Identified a ring of resist corrosion
   967 | D:2      | Identified a +0 short sword
   975 | D:2      | Reached skill level 2 in Dodging
  1031 | D:2      | Identified a +0 club
  1054 | D:2      | Reached skill level 2 in Fighting
  1054 | D:2      | Reached skill level 1 in Maces & Flails
  1054 | D:2      | Reached XP level 3. HP: 19/35 MP: 5/5
  1057 | D:2      | Learned a level 2 spell: Jinxbite
  1072 | D:2      | Learned a level 3 spell: Sigil of Binding
  1220 | D:2      | Identified a +0 club
  1247 | D:2      | Reached skill level 1 in Armour
  1279 | D:2      | Identified a +0 dagger
  1282 | D:2      | Identified a +1 dagger of venom
  1291 | D:2      | HP: 7/35 [poisoned by a kobold]
  1292 | D:2      | Identified 2 potions of curing
  1397 | D:2      | Identified a +0 vampiric spear
  1433 | D:2      | Identified a +0 flail
  1437 | D:2      | Identified a +0 whip
  1442 | D:2      | Identified a +0 spear
  1442 | D:2      | Identified a +0 whip
  1444 | D:2      | Identified 3 scrolls of teleportation
  1448 | D:2      | Identified a +0 club
  1633 | D:2      | Reached XP level 4. HP: 40/42 MP: 6/6
  1644 | D:2      | Identified 2 scrolls of blinking
  1645 | D:2      | Identified 2 scrolls of immolation
  1667 | D:2      | Reached skill level 3 in Hexes
  2031 | D:2      | Reached skill level 1 in Throwing
  2031 | D:2      | Reached skill level 2 in Spellcasting
  2329 | D:2      | Identified a +0 leather armour
  2354 | D:3      | Identified a +0 orcbow
  2354 | D:3      | Noticed a centaur
  2356 | D:3      | Identified a +0 club
  2366 | D:3      | Killed a centaur
  2367 | D:3      | Reached skill level 3 in Fighting
  2367 | D:3      | Reached skill level 2 in Maces & Flails
  2367 | D:3      | Reached XP level 5. HP: 16/53 MP: 5/8
  2368 | D:3      | HP: 13/53 [bat (1)]
  2375 | D:3      | HP: 12/53 [bat (1)]
  2536 | D:3      | Identified a +0 short sword
  2538 | D:3      | Identified a +0 short sword
  2568 | D:3      | Identified a +0 dagger
  2814 | D:3      | Identified a +0 whip
  2816 | D:3      | Identified a +0 club
  2816 | D:3      | Identified a +2 dagger of freezing
  2940 | D:3      | Identified 2 scrolls of identify
  2940 | D:3      | Identified 2 potions of ambrosia
  2941 | D:3      | Identified a potion of berserk rage
  2989 | D:3      | Found a radiant altar of Vehumet.
  3004 | D:3      | Identified a +0 dagger
  3332 | D:4      | Identified a +0 dagger
  3332 | D:4      | Identified a +0 robe
  3332 | D:4      | Noticed Dowan
  3332 | D:4      | Identified a +0 short sword of speed
  3332 | D:4      | Identified a +0 leather armour
  3332 | D:4      | Noticed Duvessa
  3411 | D:4      | Identified a +0 club
  3446 | D:4      | Identified a +0 dagger
  3460 | D:4      | Identified a +0 dagger
  3505 | D:4      | Noticed a phantom
  3516 | D:4      | Identified a +2 vampiric spear
  3516 | D:4      | Identified a +0 war axe
  3516 | D:4      | Identified a +0 ring mail
  3519 | D:4      | Killed a phantom
  3520 | D:4      | Reached skill level 3 in Maces & Flails
  3520 | D:4      | Reached skill level 2 in Throwing
  3520 | D:4      | Reached skill level 2 in Armour
  3520 | D:4      | Reached XP level 6. HP: 40/61 MP: 7/9
  3726 | D:4      | Found a transporter.
  3736 | D:4      | Identified a +6 ring of dexterity
  3752 | D:4      | Identified the +4 spear of Buath {chaos, rPois Dex+3}
  3752 | D:4      | Identified a +0 whip
  3753 | D:4      | Identified a +0 halberd
  3754 | D:4      | Identified a +0 whip
  3774 | D:4      | Found a transporter.
  3785 | D:4      | Identified a +0 vampiric halberd
  3793 | D:4      | Noticed gummybears's ghost (amateur FeSu)
  3816 | D:4      | Identified a +0 club
  3816 | D:4      | Identified a +0 club
  3816 | D:4      | Identified a +0 flail
  3817 | D:4      | Identified a +0 spear
  3834 | D:4      | HP: 21/93 [gnoll/+0 spear (8)]
  3839 | D:4      | HP: 12/93 [gnoll/+0 spear (3)]
  3841 | D:4      | HP: 4/62 [gnoll/+0 spear (4)]
  3844 | D:4      | Identified 2 potions of heal wounds
  3877 | D:4      | Identified a +0 club
  3978 | D:4      | Identified a +0 falchion
  3986 | D:4      | Identified a +0 robe
  3995 | D:4      | Reached skill level 4 in Fighting
  3995 | D:4      | Reached skill level 4 in Maces & Flails
  4008 | D:4      | HP: 10/62 [Duvessa/+0 short sword of speed (10)]
  4009 | D:4      | Killed Duvessa
  4010 | D:4      | Reached skill level 3 in Throwing
  4010 | D:4      | Reached XP level 7. HP: 12/70 MP: 8/10
  4115 | D:4      | Identified a +0 club
  4115 | D:4      | Identified a +0 leather armour
  4117 | D:4      | Found a sparkling altar of Nemelex Xobeh.
  4141 | D:4      | Identified a +0 whip
  4141 | D:4      | Identified a +0 leather armour
  4328 | D:4      | Reached skill level 5 in Maces & Flails
  4464 | D:4      | Found a shimmering blue altar of Sif Muna.
  4466 | D:4      | Found a bloodstained altar of Trog.
  4474 | D:4      | Learned a level 4 spell: Manifold Assault
  4497 | D:4      | Identified a +0 dagger
  4680 | D:4      | Killed Dowan
  4783 | D:5      | Entered Level 5 of the Dungeon
  4783 | D:5      | Identified a +0 whip
  4783 | D:5      | Identified a +0 dagger
  4783 | D:5      | Identified a +0 robe
  4783 | D:5      | Identified a +0 flail
  4783 | D:5      | Identified a +0 dagger
  4783 | D:5      | Identified a +0 robe
  4785 | D:5      | Identified a +0 war axe
  4785 | D:5      | Identified a +0 leather armour
  4788 | D:5      | Reached skill level 6 in Maces & Flails
  4942 | D:5      | Identified a ring of poison resistance
  5047 | D:5      | Identified a +0 spear
  5048 | D:5      | Identified a +0 club
  5049 | D:5      | Identified a +0 whip
  5049 | D:5      | Identified a +0 halberd
  5268 | D:5      | Reached XP level 8. HP: 78/78 MP: 8/11
  5273 | D:5      | Found a glowing silver altar of Zin.
  5277 | D:5      | Found a white marble altar of Elyvilon.
  5278 | D:5      | Identified a +0 mace
  5278 | D:5      | Identified a +0 ring mail
  5326 | D:5      | Identified a +0 orcbow
  5447 | D:5      | Identified a +0 club
  5447 | D:5      | Identified a +1 dagger of venom
  5447 | D:5      | Identified a +0 robe
  5447 | D:5      | Identified a +0 dagger
  5447 | D:5      | Identified a +0 club
  5448 | D:5      | Identified a +0 dagger
  5448 | D:5      | Identified a +0 robe
  5457 | D:5      | Reached skill level 7 in Maces & Flails
  5766 | D:5      | Identified a potion of cancellation
  5767 | D:5      | Identified a +1 whip of freezing
  5767 | D:5      | Identified a +0 robe
  5767 | D:5      | Noticed Pikel
  5793 | D:5      | HP: 19/78 [Pikel/+1 whip of freezing (1)]
  5795 | D:5      | HP: 9/78 [Pikel/+1 whip of freezing (1)]
  5805 | D:5      | Killed Pikel
  5806 | D:5      | Reached skill level 9 in Maces & Flails
  5995 | D:5      | Reached XP level 9. HP: 81/84 MP: 9/12
  6085 | D:5      | Found a glowing golden altar of the Shining One.
  6101 | D:5      | Identified a +0 dagger of holy wrath
  6107 | D:5      | Identified a +2 scythe of freezing
  6107 | D:5      | Identified a +0 robe
  6107 | D:5      | Noticed Sigmund
  6127 | D:5      | Killed Sigmund
  6128 | D:5      | Reached skill level 10 in Maces & Flails
  6320 | D:6      | Identified 2 scrolls of amnesia
  6321 | D:6      | Identified a scroll of enchant armour
  6322 | D:6      | Identified a scroll of noise
  6380 | D:6      | Found a staircase to the Ecumenical Temple.
  6414 | D:6      | HP: 19/84 [something (5)]
  6420 | D:6      | HP: 10/84 [sky beast (3)]
  6421 | D:6      | HP: 4/84 [something (1)]
  6421 | D:6      | Slain by a sky beast

Table legend: (Time is in decaauts)
 A = Elapsed time spent in this place.
 B = Non-inter-level travel time spent in this place.
 C = Inter-level travel time spent in this place.
 D = Time resting spent in this place.
 E = Time spent auto-exploring this place.
 F = Levels seen in this place.
 G = Mean time per level.
                   A        B        C        D        E       F      G
               +--------+--------+--------+--------+--------+-----+--------+
         Total |   6475 |   6246 |    229 |   1710 |   2918 |   6 | 1079.2 |
       Dungeon |   6475 |   6246 |    229 |   1710 |   2918 |   6 | 1079.2 |
               +--------+--------+--------+--------+--------+-----+--------+

Top non-repeatable levels by time:
     D:4: 1500 daAuts
     D:2: 1492 daAuts
     D:5: 1487 daAuts
     D:3: 1028 daAuts
     D:1: 879 daAuts
     D:6: 86 daAuts

Table legend:
 A = Kills in this place as a percentage of kills in the entire game.
 B = Kills by you in this place as a percentage of kills by you in the entire game.
 C = Kills by friends in this place as a percentage of kills by friends in the entire game.
 D = Other kills in this place as a percentage of other kills in the entire game.
 E = Experience gained in this place as a percentage of experience gained in the entire game.
 F = Experience gained in this place divided by the number of levels of this place that you have seen.
                   A       B       C       D       E      F
               +-------+-------+-------+-------+-------+----------------------
         Total | 100.0 | 100.0 |   N/A |   N/A | 100.0 | 461.2
       Dungeon | 100.0 | 100.0 |   N/A |   N/A | 100.0 | 461.2
               +-------+-------+-------+-------+-------+----------------------

Skill      XL: |  1  2  3  4  5  6  7  8  9 |
---------------+----------------------------+-----
Dodging        | 2 |  2.0
Fighting       | 2 3 4 |  4.1
Maces & Flails | 1 2 3 4 6 9 10 | 10.0
Armour         | 1 2 |  2.1
Hexes          | 3 |  3.0
Throwing       | 1 2 3 |  3.1
Spellcasting   | 2 |  2.1
Ranged Weapons | |  1.3
Translocations | |  0.2
Fire Magic     | |  0.8

Action                     |  1- 3 |  4- 6 |  7- 9 || total
---------------------------+-------+-------+-------++-------
  Melee: Mace              |    43 |     8 |       ||    51
         Headbutt          |     7 |    15 |    25 ||    47
         Punch             |     1 |     3 |     3 ||     7
         Flail             |       |    98 |   114 ||   212
         Whip              |       |       |    53 ||    53
   Fire: Sling             |    52 |    14 |     1 ||    67
  Throw: Boomerang         |       |     2 |    24 ||    26
         Throwing net      |       |       |     1 ||     1
         Stone             |       |       |     5 ||     5
         Dart              |       |       |     4 ||     4
   Cast: Jinxbite          |    10 |    16 |    31 ||    57
    Use: Scroll            |     1 |     5 |     4 ||    10
         Potion            |     1 |     4 |     3 ||     8
   Stab: Sleeping          |       |     1 |       ||     1
 Armour: Robe              |    49 |   129 |   131 ||   309
  Dodge: Dodged            |    59 |    83 |    83 ||   225

Vanquished Creatures
  Pikel (D:5)
  Sigmund (D:5)
  Duvessa (D:4)
  An ice beast (D:5)
  A sky beast (D:5)
  2 centaurs
  A phantom (D:4)
  A lemure (D:5)
  2 bullfrogs (D:4)
  A scorpion (D:5)
  Dowan (D:4)
  A howler monkey (D:6)
  2 jellies
  A hound (D:6)
  An orc priest (D:4)
  4 orc wizards (D:5)
  A sleepcap (D:4)
  An iguana (D:5)
  3 adders
  12 gnolls
  A white imp (D:6)
  4 dart slugs
  14 orcs
  11 ball pythons
  6 bats
  4 endoplasms
  3 giant cockroaches
  9 goblins
  6 hobgoblins
  5 jackals
  10 kobolds
  2 quokkas
  3 frilled lizards
  2 rats
119 creatures vanquished.
